 Dungeon Crawl Stone Soup version 0.29.1-12-g30fa7ad0bf (webtiles) character file.

Game seed: 7228098406836060294

7984 Romesagentofchaos the Cleaver (level 11, -10/97 HPs)
             Began as a Hill Orc Fighter on Jan 10, 2023.
             Was a Believer of Beogh.
             Killed from afar by a fire dragon (26 damage)
             ... with a blast of flame
             ... on level 9 of the Dungeon.
             The game lasted 00:37:56 (10074 turns).

Romesagentofchaos the Cleaver (Hill Orc Fighter)   Turns: 10074, Time: 00:37:57

Health: -10/97     AC: 19    Str: 24    XL:     11   Next: 23%
Magic:  11/11      EV: 13    Int:  8    God:    Beogh [**....]
Gold:   507        SH:  5    Dex: 10    Spells: 10/10 levels left

rFire   . . .      SeeInvis .   a - +9 war axe of the Wolf {chaos, rN+}
rCold   . . .      Faith    .   (no shield)
rNeg    + . .      Spirit   .   j - +1 storm dragon scales
rPois   .          Reflect  +   c - +2 hat
rElec   +          Harm     .   (no cloak)
rCorr   .          Rampage  .   p - +1 pair of gloves
Will    .....                   (no boots)
Stlth   ..........              s - amulet of reflection
HPRegen 0.26/turn               g - +4 ring of evasion
MPRegen 0.12/turn               (no ring)

@: no status effects
A: no striking features
a: Renounce Religion, Smiting


You were on level 9 of the Dungeon.
You worshipped Beogh.
Beogh was pleased with you.
You visited 1 branch of the dungeon, and saw 9 of its levels.
You also visited: Ossuary.

You collected 597 gold pieces.
You spent 90 gold pieces at shops.

Inventory:

Hand Weapons
 a - the +9 war axe of the Wolf (weapon) {chaos, rN+}
   (You acquired it on level 8 of the Dungeon)

   Each time it hits an enemy it has a different, random effect.
   rN:        It protects you from negative energy.
 q - a +2 battleaxe of electrocution
Missiles
 i - 7 boomerangs (quivered)
Armour
 c - a +2 hat (worn)
 j - +1 storm dragon scales (worn)
 p - a +1 pair of gloves (worn)
Jewellery
 g - a +4 ring of evasion (left hand)
 l - an amulet of regeneration
 s - an amulet of reflection (around neck)
Wands
 m - a wand of flame (18)
 u - a wand of iceblast (10)
Scrolls
 b - 3 scrolls of identify
 k - 5 scrolls of teleportation
 o - a scroll of immolation
 r - 3 scrolls of blinking
 t - a scroll of summoning
 w - a scroll of fog
 x - a scroll of amnesia
Potions
 h - 2 potions of brilliance
 n - a potion of invisibility


   Skills:
 + Level 9.3 Fighting
 + Level 13.1(13.4) Axes
 + Level 4.0(8.2) Maces & Flails
 + Level 3.4 Throwing
 + Level 8.3 Armour
 + Level 3.6 Dodging
 + Level 3.8 Stealth
 + Level 8.0 Shields
 + Level 3.1 Evocations


You had 10 spell levels left.
You didn't know any spells.
Your spell library contained the following spells:

 Spells                   Type           Power      Damage    Failure   Level
 Slow                     Hex            0%         N/A       94%         1
 Blink                    Tloc           0%         N/A       98%         2
 Sublimation of Blood     Necr           0%         N/A       98%         2
 Confusing Touch          Hex            0%         N/A       100%        3
 Frozen Ramparts          Ice            0%         1d1       100%        3
 Inner Flame              Hex/Fire       0%         N/A       100%        3
 Lesser Beckoning         Tloc           0%         N/A       100%        3
 Summon Guardian Golem    Hex/Summ       0%         N/A       100%        3
 Vampiric Draining        Necr           0%         2d6       100%        3
 Cause Fear               Hex            0%         N/A       100%        4
 Ice Form                 Ice/Tmut       0%         N/A       100%        4
 Petrify                  Tmut/Erth      0%         N/A       100%        4
 Summon Ice Beast         Ice/Summ       0%         N/A       100%        4
 Irradiate                Conj/Tmut      0%         3d11      100%        5
 Manifold Assault         Tloc           0%         N/A       100%        5
 Orb of Destruction       Conj           0%         9d5       100%        7
 Spellforged Servitor     Conj/Summ      0%         N/A       100%        7
 Discord                  Hex            0%         N/A       100%        8


Dungeon Overview and Level Annotations

Branches:
Dungeon (9/15)             Temple (0/1) D:4         Ossuary (visited)
   Lair: D:8-11         Orc: D:9-12

Altars:
Ashenzari
Cheibriados
Dithmenos
Elyvilon
Fedhas
Nemelex Xobeh
Vehumet
Yredelemnul
Zin
The Shining One

Annotations:
D:7 exclusion: statue


Message History

The fire dragon is moderately wounded.
The iceblast engulfs the killer bee!
You kill the killer bee!
Beogh accepts your kill.
You hear a shout! x2
The fire dragon completely misses you.
The fire dragon claws you but does no damage.
The fire dragon tramples you but does no damage.
Unknown command.
You slice the gargoyle!!
You destroy the gargoyle!
Beogh accepts your kill.
You slash the fire dragon! The fire dragon bites you.
* * * LOW HITPOINT WARNING * * *
The fire dragon misses you.
The fire dragon tramples you but does no damage.
Your Shields skill increases to level 8!
Aiming: Iceblast
Press: ? - help, Q - select action, (/) - cycle Shift-Dir - straight line That beam is likely to hit you.
Continue anyway?
Okay, then.
Aiming: Iceblast
Press: ? - help, Q - select action, (/) - cycle Shift-Dir - straight line The mass of ice explodes!
The iceblast engulfs the fire dragon!
The fire dragon is frozen!
The fire dragon is severely wounded.
You hear a bellow!
You hear a howl!
The fire dragon bites you but does no damage.
The fire dragon claws you.
* * * LOW HITPOINT WARNING * * *
The fire dragon closely misses you. The fire dragon completely misses you.
You block the fire dragon's attack. The fire dragon tramples you!
* * * LOW HITPOINT WARNING * * *
You stumble backwards!
You barely miss the fire dragon.
The fire dragon is severely wounded.
The fire dragon breathes flames at you. The blast of flame hits you!!
You die...

#################
#...............####
######'#############.....
..'...)...'...[# ##.###
..#.)†.D@[#....# #.#
#.......# ....: #.###
##..⌠..## .... #....
#.....# ... ##### ##...##
.. #...# . ##### ..


You could see a fire dragon (catching breath).

Vanquished Creatures
  A manticore (D:9)
  An ugly thing (D:9)
  A gargoyle (D:9)
  Maggie (D:6)
  A troll (D:9)
  Prince Ribbit (D:5)
  Grinder (D:5)
  Eustachio (D:5)
  A yak (D:9)
  A wraith (Ossuary)
  Menkaure (D:5)
  Duvessa (D:6)
  2 water moccasins
  2 acid dragons
  2 orc warriors (D:7)
  A sky beast (D:7)
  A black bear (D:8)
  2 ogres
  5 centaurs
  2 bullfrogs (D:8)
  2 scorpions
  7 wights
  Dowan (D:6)
  7 killer bees
  3 howler monkeys
  2 orc priests
  3 hounds
  2 iguanas
  Natasha (thrice) (D:2)
  5 orc wizards
  3 mummies (Ossuary)
  4 gnolls (D:6)
  7 adders
  A shadow imp (D:6)
  A white imp (D:8)
  An ufetubus (D:5)
  2 worms
  2 dart slugs
  23 orcs
  7 ball pythons
  6 endoplasms
  3 giant cockroaches (D:2)
  6 hobgoblins
  6 jackals
  3 quokkas
  5 bats
  3 frilled lizards
  A gnoll zombie (Ossuary)
  6 goblins
  2 goblin zombies (Ossuary)
  4 hobgoblin zombies (Ossuary)
  10 kobolds
  2 kobold zombies (Ossuary)
  An orc zombie (Ossuary)
  9 rats
182 creatures vanquished.

Vanquished Creatures (others)
  An orc (D:4)
  A withered plant (D:5)
2 creatures vanquished.

Grand Total: 184 creatures vanquished

Notes
Turn   | Place    | Note
-------+----------+-------------------------------------------
     0 | D:1      | Romesagentofchaos the Hill Orc Fighter began the quest for
                  | the Orb.
     0 | D:1      | Reached XP level 1. HP: 19/19 MP: 1/1
    59 | D:1      | Found a faded altar of an unknown god.
   217 | D:1      | Reached XP level 2. HP: 27/27 MP: 2/2
   592 | D:1      | Reached skill level 3 in Axes
   707 | D:1      | Reached XP level 3. HP: 33/33 MP: 3/3
  1174 | D:2      | Noticed Natasha
  1182 | D:2      | Killed Natasha
  1396 | D:2      | Reached XP level 4. HP: 40/40 MP: 4/4
  1434 | D:2      | Reached skill level 4 in Axes
  1627 | D:2      | Noticed Natasha
  1637 | D:2      | Killed Natasha
  1761 | D:2      | Noticed Natasha
  1769 | D:2      | Killed Natasha
  1770 | D:2      | Reached XP level 5. HP: 46/47 MP: 5/5
  2117 | D:3      | Reached skill level 5 in Fighting
  2759 | D:4      | Found a sand-covered staircase.
  2768 | Ossuary  | Entered an ossuary
  2768 | Ossuary  | Noticed a wraith
  2768 | Ossuary  | Noticed a wraith
  2768 | Ossuary  | Noticed a wraith
  2814 | Ossuary  | Reached skill level 5 in Axes
  3272 | Ossuary  | Noticed a wraith
  3289 | Ossuary  | Killed a wraith
  3290 | Ossuary  | Reached skill level 6 in Axes
  3290 | Ossuary  | Reached XP level 6. HP: 35/56 MP: 6/6
  3587 | D:4      | Became a worshipper of Beogh the Brigand
  3671 | D:4      | Found a staircase to the Ecumenical Temple.
  3891 | D:4      | Reached XP level 7. HP: 61/61 MP: 7/7
  4288 | D:5      | Entered Level 5 of the Dungeon
  4288 | D:5      | Noticed Menkaure
  4299 | D:5      | Killed Menkaure
  4300 | D:5      | Reached skill level 7 in Axes
  4398 | D:5      | Found a basalt altar of Yredelemnul.
  5003 | D:5      | Found Zin's Purification Station.
  5003 | D:5      | Found a glowing silver altar of Zin.
  5011 | D:5      | Bought a potion of curing for 90 gold pieces
  5100 | D:5      | Noticed Eustachio
  5125 | D:5      | Killed Eustachio
  5126 | D:5      | Reached skill level 8 in Axes
  5126 | D:5      | Reached skill level 1 in Dodging
  5126 | D:5      | Reached XP level 8. HP: 54/70 MP: 8/8
  5248 | D:5      | Reached skill level 5 in Armour
  5255 | D:5      | Noticed Prince Ribbit
  5287 | D:5      | Reached skill level 5 in Shields
  5320 | D:5      | Killed Prince Ribbit
  5321 | D:5      | Reached skill level 9 in Axes
  5727 | D:5      | Noticed Grinder
  5729 | D:5      | Paralysed by Grinder for 2 turns
  5739 | D:5      | Paralysed by Grinder for 5 turns
  5754 | D:5      | Killed Grinder
  5754 | D:5      | Reached * piety under Beogh
  6072 | D:5      | Reached skill level 10 in Axes
  6379 | D:6      | Found a blossoming altar of Fedhas.
  6382 | D:6      | Found a sparkling altar of Nemelex Xobeh.
  6385 | D:6      | Found a snail-covered altar of Cheibriados.
  6388 | D:6      | Found a broken altar of Ashenzari.
  6703 | D:6      | Noticed Dowan
  6706 | D:6      | Noticed Duvessa
  6726 | D:6      | Killed Duvessa
  6727 | D:6      | Reached XP level 9. HP: 43/78 MP: 9/9
  6747 | D:6      | Killed Dowan
  7450 | D:6      | Noticed Maggie
  7469 | D:6      | Killed Maggie
  7470 | D:6      | Reached skill level 11 in Axes
  7566 | D:6      | Found a shadowy altar of Dithmenos.
  7631 | D:6      | Reached XP level 10. HP: 74/90 MP: 10/10
  7981 | D:7      | Identified the +1 leather armour of Levity {rC+ Dex+4}
  8008 | D:7      | Found a radiant altar of Vehumet.
  8344 | D:7      | Reached skill level 12 in Axes
  8841 | D:7      | Found a glowing golden altar of the Shining One.
  9039 | D:8      | Found a white marble altar of Elyvilon.
  9210 | D:8      | Reached ** piety under Beogh
  9763 | D:8      | Identified a scroll of acquirement
  9763 | D:8      | Acquired the +9 war axe of the Wolf {chaos, rN+}
 10031 | D:9      | Reached XP level 11. HP: 89/97 MP: 11/11
 10033 | D:9      | Noticed a white ugly thing
 10033 | D:9      | Noticed a manticore
 10045 | D:9      | Killed a manticore
 10046 | D:9      | Killed a white ugly thing
 10062 | D:9      | Noticed a fire dragon
 10070 | D:9      | Reached skill level 13 in Axes
 10074 | D:9      | Killed from afar by a fire dragon

Illustrated notes

Levels and vault maps discovered:
D:1:      eino_arrival_tree_alley, layout_basic, shapermc_ecumenical_altar_venn
D:2:      layout_basic, uniq_natasha
D:3:      layout_loops_ring, roderic_serpentine_path, minmay_misc_feat_enclosed,
          supply_closet_lemuel
D:4:      layout_gridville, minmay_temple_entry_antechambers,
          chequers_ossuary_entry_cave
D:5:      layout_gridville, yredelemnul_altar_generic, zin_purify,
          uniq_prince_ribbit1, uniq_menkaure, uniq_eustachio, uniq_grinder
D:6:      layout_basic, grunt_temple_overflow_cloverleaf, grunt_dithmenos_smoke,
          chequers_arboretum, roderic_lattice_a, uniq_duvessa, uniq_maggie
D:7:      layout_gridville, nicolae_tso_swordbearing_angel, vehumet_statue,
          enter_bailey_4
D:8:      layout_basic, mainiacjoe_overflow_catwalk
D:9:      layout_basic, ebering_ghost_rock_garden, serial_shops,
          nicolae_shop_behind_doors, minmay_misc_feat_alley,
          nicolae_rejected_hall

Skill      XL: |  1  2  3  4  5  6  7  8  9 10 11 |
---------------+----------------------------------+-----
Fighting       | 4 5 6 8 9 |  9.3
Axes           | 3 4 6 8 10 11 12 13 | 13.1
Armour         | 4 5 7 8 |  8.3
Shields        | 4 5 7 8 |  8.0
Dodging        | 1 3 |  3.6
Maces & Flails | 4 |  4.0
Throwing       | 3 |  3.4
Stealth        | 3 |  3.8
Evocations     | 3 |  3.1

Action                   |  1- 3 |  4- 6 |  7- 9 | 10-12 || total
-------------------------+-------+-------+-------+-------++-------
Melee: War axe           |    89 |   159 |   244 |    79 ||   571
       Battleaxe         |       |       |       |    56 ||    56
       Broad axe         |       |       |       |    10 ||    10
Throw: Boomerang         |       |       |     6 |     5 ||    11
Invok: Convert to Beogh  |       |     1 |       |       ||     1
Evoke: Wand              |       |       |     3 |     2 ||     5
  Use: Scroll            |     5 |     6 |     4 |     4 ||    19
       Potion            |     1 |     1 |    10 |     2 ||    14
 Stab: Confused          |       |       |       |     2 ||     2
Armor: Chain mail        |    76 |    39 |       |       ||   115
       Storm dragon scal |       |    15 |   134 |    92 ||   241
Dodge: Dodged            |    58 |    82 |    98 |   136 ||   374
Block: Buckler           |    27 |    49 |   125 |    25 ||   226
       Reflection        |       |       |     4 |     1 ||     5
       Other             |       |       |       |    34 ||    34
